 Dungeon Crawl Stone Soup version 0.23-a0-175-g97aacdb306 (webtiles) character file.

90 Napalmbreeze the Magician (level 4, 0/24 HPs)
             Began as a Deep Elf Fire Elementalist on Sept 11, 2018.
             Slain by a gnoll
             ... wielding a +0 halberd
              (10 damage)
             ... on level 3 of the Dungeon on Sept 17, 2018.
             The game lasted 00:07:30 (2393 turns).

Napalmbreeze the Magician (DEFE)                    Turns: 2393, Time: 00:07:31

Health: 0/24       AC:  3    Str:  5    XL:     4   Next: 32%
Magic:  12/12      EV: 13    Int: 21    God:
Gold:   116        SH:  0    Dex: 15    Spells: 5/11 levels left

rFire    . . .     SeeInvis .   j - +1 short sword (speed)
rCold    . . .     Gourm    .   (no shield)
rNeg     . . .     Faith    .   a - +0 robe
rPois    .         Spirit   .   (no helmet)
rElec    .         Reflect  .   (no cloak)
rCorr    .         Harm     .   f - +0 pair of gloves
MR       .....                  (no boots)
Stlth    ++........             (no amulet)
HPRegen  0.08/turn              (no ring)
MPRegen  0.13/turn              (no ring)

@: no status effects
A: no striking features
a: no special abilities


You were on level 3 of the Dungeon.
You were hungry.

You visited 1 branch of the dungeon, and saw 3 of its levels.

You collected 116 gold pieces.

Inventory:

Hand Weapons
 d - a +0 club
 j - a +1 short sword of speed (weapon)
Armour
 a - a +0 robe (worn)
 f - a +0 pair of gloves (worn)
Scrolls
 b - 4 scrolls of teleportation {unknown}
 e - 3 scrolls of remove curse {unknown}
 g - 4 scrolls of fog {unknown}
 k - 2 scrolls of noise {unknown}
 l - a scroll of magic mapping {unknown}
 o - a scroll of identify {unknown}
 r - a scroll of enchant weapon {unknown}
Potions
 h - 2 potions of degeneration {unknown}
 i - a potion of flight {unknown}
 m - a potion of lignification {unknown}
 n - a potion of curing {unknown}
 q - a potion of mutation {unknown}
 s - a potion of might {unknown}
Comestibles
 c - 3 rations


   Skills:
 - Level 2.4 Dodging
 - Level 2.4 Stealth
 + Level 4.0 Spellcasting
 * Level 3.3 Conjurations
 + Level 4.0 Fire Magic


You had 5 spell levels left.
You knew the following spells:

 Your Spells              Type           Power        Failure   Level  Hunger
a - Flame Tongue          Conj/Fire      ###..        2%          1    None
d - Conjure Flame         Conj/Fire      ###.....     8%          3    ###....
s - Throw Flame           Conj/Fire      ###...       4%          2    #......

Your spell library contained the following spells:

 Spells                   Type           Power        Failure   Level  Hunger
 Inner Flame              Hex/Fire       ##......     16%         3    ###....
 Sticky Flame             Conj/Fire      ###.....     26%         4    ####...
 Fireball                 Conj/Fire      ###.......   58%         5    ######.


Dungeon Overview and Level Annotations

Branches:
Dungeon (3/15)

Altars:
Cheibriados
Kikubaaqudgha

Annotations:
D:2 exclusion: downstairs


Message History

This staircase is marked as excluded!
Enter next level anyway?
HP restored.
You climb downwards.
The bat closely misses you. The gnoll hits you!
The gnoll hits you with a halberd. The gnoll closely misses you.
An ooze comes into view.
The gnoll closely misses you.
There is a stone staircase leading up here.
The ooze quivers.
The gnoll shouts!
The bat closely misses you. The gnoll barely misses you. x2
The bat completely misses you. The gnoll misses you.
The gnoll hits you but does no damage. The bat misses you.
The gnoll closely misses you.
A hobgoblin comes into view.
The hobgoblin shouts!
The bat hits you but does no damage. The bat hits you.
The gnoll hits you from afar with a halberd!
You die... ..#.# #####.#.# ..#....# ...g..### ....... ?...# . #b..######. . #@....#.... .. #gg.....### gg.

#g.g......#....
#.g...###....#.
###J....###......
........<.........
..........##......$
####....... .......
##.....###.....#


You could see 5 gnolls, an ooze, a hobgoblin and a bat.

Vanquished Creatures
  3 gnolls
  2 adders (D:2)
  A worm (D:2)
  A dart slug (D:1)
  A leopard gecko (D:2)
  5 goblins
  6 hobgoblins
  3 jackals (D:1)
  2 quokkas (D:2)
  5 bats
  2 frilled lizards
  3 kobolds (D:2)
  6 rats
40 creatures vanquished.

Vanquished Creatures (others)
  A human (D:2)
1 creature vanquished.

Grand Total: 41 creatures vanquished

Notes
Turn   | Place    | Note
-------+----------+-------------------------------------------
     0 | D:1      | Napalmbreeze the Deep Elf Fire Elementalist began the quest
                  | for the Orb.
     0 | D:1      | Reached XP level 1. HP: 10/10 MP: 6/6
    81 | D:1      | Upgraded the game from 0.23-a0-167-gf92cf62f8f to
                  | 0.23-a0-171-g5ae17c6e89
   236 | D:1      | Reached XP level 2. HP: 9/15 MP: 2/8
   693 | D:1      | Upgraded the game from 0.23-a0-171-g5ae17c6e89 to
                  | 0.23-a0-175-g97aacdb306
  1004 | D:2      | Found a snail-covered altar of Cheibriados.
  1047 | D:2      | Reached XP level 3. HP: 19/19 MP: 1/10
  1312 | D:2      | Found an ancient bone altar of Kikubaaqudgha.
  1313 | D:2      | Noticed a human
  1316 | D:2      | Killed a human
  1358 | D:2      | Learned a level 2 spell: Throw Flame
  1362 | D:2      | Learned a level 3 spell: Conjure Flame
  1783 | D:2      | Reached XP level 4. HP: 17/24 MP: 5/11
  2393 | D:3      | Slain by a gnoll

Vault maps used:
D:1:      lightli_arrival_statuegarden, minmay_misc_feat_encased
D:2:      cheibriados_altar_1, st_stairs_7, tgw_kikubaaqudgha
D:3:      st_stairs_11

Skill      XL: |  1  2  3  4 |
---------------+-------------+-----
Conjurations   | 2 3 |  3.3
Spellcasting   | 4 |  4.0
Fire Magic     | 4 |  4.0
Dodging        | |  2.4
Stealth        | |  2.4

Action                   |  1- 3 |  4- 6 || total
-------------------------+-------+-------++-------
Melee: Club              |     1 |       ||     1
       Short sword       |     8 |       ||     8
 Cast: Flame Tongue      |    50 |    19 ||    69
       Throw Flame       |     4 |       ||     4
       Conjure Flame     |     1 |     1 ||     2
 Stab: Sleeping          |     4 |       ||     4
  Eat: Chunk             |     3 |     1 ||     4
Armor: Robe              |     8 |     3 ||    11
Dodge: Dodged            |    29 |    17 ||    46

Table legend:
 A = Non-vault XP
 B = Vault XP
 C = Vault XP percentage of total XP
 D = Non-vault monster count
 E = Vault monster count
 F = Vault count percentage of total count
                 A         B        C        D         E       F
            +---------+---------+-------+---------+---------+-------
      Total |     127 |       2 |   1.6 |      39 |       1 |   2.5
            +---------+---------+-------+---------+---------+-------
        D:1 |      27 |       0 |   0.0 |      16 |       0 |   0.0
        D:2 |      67 |       2 |   2.9 |      17 |       1 |   5.6
        D:3 |      33 |       0 |   0.0 |       6 |       0 |   0.0
            +---------+---------+-------+---------+---------+-------
